 Dungeon Crawl Stone Soup version 0.30.0-19-g36f170ea60 (webtiles) character file.

Game seed: 9647406889860685002

35947 Rello the Frost Mage (level 13, -9/85 (86) HPs)
             Began as a Black Draconian Ice Elementalist on May 26, 2023.
             Was an Elder of Vehumet.
             Mangled by a demonic crawler (14 damage)
             ... on level 2 of the Spider Nest.
             The game lasted 01:14:53 (17737 turns).

Rello the Frost Mage (DrIE)                        Turns: 17737, Time: 01:14:54

HP:   -9/85 (86)    AC: 11    Str: 11    XL:     13   Next: 50%
MP:   6/27          EV: 16    Int: 19    God:    Vehumet [****..]
Gold: 954           SH:  5    Dex: 13    Spells: 6/32 levels left

rFire   + . .        m - +9 falchion (flame)
rCold   + . .        (no shield)
rNeg    + . .        (body armour unavailable)
rPois   .            (helmet restricted)
rElec   +            z - scarf {rC+ rF+}
rCorr   .            u - +0 pair of gloves
SInv    .            D - +1 pair of boots
Will    .....        F - amulet of reflection
Stlth   ++++         s - ring of positive energy
HPRegen 0.34/turn    A - ring of wizardry
MPRegen 0.20/turn

%: reflection, wizardry (x1)
@: mighty, silenced, lightly drained
A: breathe lightning, AC +8, unfitting armour, electricity resistance,
cold-blooded
a: Breathe Lightning, Renounce Religion


You were on level 2 of the Spider Nest.
You worshipped Vehumet.
Vehumet was greatly pleased with you.
You visited 4 branches of the dungeon, and saw 15 of its levels.

You collected 954 gold pieces.

Inventory:

Hand Weapons
 h - a +1 demon trident of draining
 m - a +9 falchion of flaming (weapon)
Missiles
 t - 3 throwing nets
Armour
 u - a +0 pair of gloves (worn)
 z - a scarf of resistance (worn)
 D - a +1 pair of boots (worn)
Jewellery
 s - a ring of positive energy (left hand)
 x - a ring of fire
 y - a ring of positive energy
 A - a ring of wizardry (right hand)
 F - an amulet of reflection (around neck)
 N - a +6 ring of intelligence
 P - a ring of see invisible
Wands
 w - a wand of light (5)
 G - a wand of mindburst (11)
 J - a wand of roots (5)
 K - a wand of flame (9)
 L - a wand of charming (7)
Scrolls
 b - 2 scrolls of enchant armour
 c - a scroll of fear
 e - a scroll of teleportation
 f - 2 scrolls of blinking
 i - a scroll of magic mapping {unknown}
 l - 2 scrolls of brand weapon
 n - 3 scrolls of poison
 p - a scroll of fog
 r - a scroll of enchant weapon
 C - a scroll of torment {unknown}
 H - 3 scrolls of noise
 I - 2 scrolls of immolation
 M - a scroll of vulnerability {unknown}
 O - a scroll of amnesia {unknown}
Potions
 a - a potion of magic
 g - a potion of might
 j - 2 potions of lignification
 k - a potion of brilliance {unknown}
 o - 2 potions of cancellation
 q - 2 potions of degeneration {unknown}
 v - a potion of resistance {unknown}
 B - 2 potions of attraction {unknown}
 E - a potion of invisibility {unknown}
 R - a potion of ambrosia {unknown}


   Skills:
 + Level 9.9 Dodging
 + Level 10.8 Stealth
 + Level 10.4 Shields
 + Level 10.1 Spellcasting
 + Level 12.3 Ice Magic


You had 6 spell levels left.
You knew the following spells:

 Your Spells              Type           Power      Damage    Failure   Level
a - Freeze                Ice            100%       1d10      1%          1
b - Frozen Ramparts       Ice            100%       1d16      1%          3
c - Summon Ice Beast      Ice/Summ       33%        N/A       2%          4
d - Ozocubu's Armour      Ice            54%        N/A       1%          3
e - Ozocubu's Refrigerat  Ice            27%        4d13      4%          7
f - Simulacrum            Ice/Necr       16%        N/A       32%         6
g - Blink                 Tloc           18%        N/A       4%          2

Your spell library contained the following spells:

 Spells                   Type           Power      Damage    Failure   Level
 Iskenderun's Battlesphe  Conj           9%         2d6       21%         5
 Sandblast                Erth           18%        2d7       1%          1
 Ensorcelled Hibernation  Hex/Ice        66%        N/A       1%          2
 Momentum Strike          Conj/Tloc      18%        3d8       1%          2
 Inner Flame              Hex/Fire       9%         N/A       2%          3
 Stone Arrow              Conj/Erth      18%        3d8       2%          3
 Beastly Appendage        Tmut           18%        N/A       3%          1
 Summon Small Mammal      Summ           36%        N/A       3%          1
 Lesser Beckoning         Tloc           18%        N/A       4%          2
 Passwall                 Tmut/Erth      7%         N/A       4%          2
 Sublimation of Blood     Necr           9%         N/A       4%          2
 Wereblood                Tmut           9%         N/A       4%          2
 Gell's Gravitas          Tloc           9%         N/A       9%          3
 Spider Form              Tmut/Pois      9%         N/A       9%          3
 Teleport Other           Tloc           9%         N/A       9%          3
 Flame Wave               Conj/Fire      9%         2d6       9%          4
 Sticky Flame             Conj/Fire      9%         2d3       9%          4
 Anguish                  Hex/Necr       4%         N/A       28%         4
 Summon Lightning Spire   Summ/Air       9%         N/A       28%         4
 Polar Vortex             Ice            27%        N/A       97%         9
 Summon Hydra             Summ           4%         N/A       100%        7
 Infestation              Necr           4%         N/A       100%        8


Dungeon Overview and Level Annotations

Branches:
Dungeon (9/15)             Temple (0/1) D:4            Lair (3/5) D:9
  Swamp (1/4) Lair:2       Spider (2/4) Lair:3
    Orc: D:9-12

Altars:
Ashenzari
Gozag
Hepliaklqana
Kikubaaqudgha
Nemelex Xobeh
Okawaru
Ru
Vehumet
Xom
Yredelemnul

Annotations:
D:5 1 transporter, laial's ghost, novice VSBr


Innate Abilities, Weirdness & Mutations

You can breathe wild blasts of lightning.
Your glossy black scales are hard. (AC +8)
You cannot fit into any form of body armour.
You are resistant to electric shocks. (rElec)
You are cold-blooded and may be slowed by cold attacks.


Message History

Unknown command.
Magic scrolls do not work when you're silenced!
The demonic crawler attacks as you move away!
The demonic crawler completely misses you.
The demonic crawler barely misses you. You block the demonic crawler's attack.
The demonic crawler hits you!
* * * LOW HITPOINT WARNING * * *
You block the demonic crawler's attack. The demonic crawler closely misses you.
The demonic crawler attacks as you move away!
The demonic crawler hits you.
* * * LOW HITPOINT WARNING * * *
The demonic crawler completely misses you.
The demonic crawler barely misses you.
You feel very mighty all of a sudden.
You feel stable enough to blink again. The demonic crawler misses you.
The demonic crawler hits you.
* * * LOW HITPOINT WARNING * * *
You block the demonic crawler's attack.
Hit: m) +9 falchion (flame)
Press: ? - help, Dir - move target, f - demonic crawler
Aim: a demonic crawler (silenced, about 21% to evade your +9 falchion of flaming)
You hit the demonic crawler but do no damage.
You tail-slap the demonic crawler!
The demonic crawler is lightly wounded.
You block the demonic crawler's attack.
The demonic crawler hits you but does no damage.
The demonic crawler misses you. The demonic crawler hits you!
* * * LOW HITPOINT WARNING * * *
You block the demonic crawler's attack. The demonic crawler hits you.
* * * LOW HITPOINT WARNING * * *
You feel mightier all of a sudden. The demonic crawler misses you.
The demonic crawler hits you but does no damage.
The demonic crawler barely misses you.
Hit: m) +9 falchion (flame)
Press: ? - help, Dir - move target, f/p - demonic crawler
Aim: a demonic crawler (silenced, about 21% to evade your +9 falchion of flaming)
You barely miss the demonic crawler. You punch the demonic crawler.
The demonic crawler is lightly wounded.
The demonic crawler hits you!
You die...

.. ..# #.#####
#.....#####
##.........##
.#...........####
................##
..............^..#
.......@s......##...
.........##..### ..
.####.####..## #.
#..# # #... .##.
.?.###...s°.#
.....#........##
.#.........#


You could see a demonic crawler.

Vanquished Creatures
  A spark wasp (Spider:1)
  4 hydras
  A two-headed ogre (D:9)
  The ghost of pornopis the Basher, a novice MiBe of Trog (D:7)
  An orb spider (Spider:1)
  2 bog bodies (Lair:2)
  3 wolf spiders (Spider:1)
  A moth of wrath (Spider:1)
  A torpor snail (Spider:1)
  3 black mambas (Lair:2)
  2 cane toads
  5 komodo dragons
  A troll (D:9)
  3 tarantellas (Spider:1)
  16 blink frogs
  A hornet (D:7)
  3 jumping spiders
  2 culicivoras (Spider:2)
  45 yaks
  A shadow (D:9)
  2 nameless horrors (D:6)
  7 wyverns
  A wraith (D:9)
  A basilisk (Lair:3)
  2 steam dragons
  A redback (Spider:1)
  2 swamp worms
  12 water moccasins
  An orc warrior (D:9)
  Duvessa (D:7)
  A black bear (D:6)
  An ice beast (D:8)
  An ogre (D:6)
  23 wolves
  3 centaurs
  A phantom (D:6)
  A kobold brigand (D:8)
  7 bullfrogs
  4 scorpions
  A wyvern zombie (D:7)
  9 wights
  Dowan (D:7)
  16 killer bees
  An electric eel (Lair:2)
  2 orc priests (D:7)
  A gnoll bouda (D:5)
  2 hounds
  3 iguanas
  3 orc wizards
  9 gnolls
  A howler monkey zombie (D:7)
  7 adders
  A white imp (D:8)
  5 worms
  15 orcs
  3 ball pythons
  8 endoplasms
  4 giant cockroaches
  2 goblins
  4 hobgoblins
  6 jackals
  3 quokkas
  9 bats
  2 frilled lizards
  13 kobolds
  6 rats
306 creatures vanquished.

Vanquished Creatures (collateral kills)
  A pharaoh ant (Spider:1)
  2 bog bodies (Lair:2)
  A steelbarb worm (Spider:1)
  A black mamba (Lair:3)
  A rime drake (Lair:2)
  A tarantella (Spider:1)
  Prince Ribbit (D:7)
  4 blink frogs (Lair:2)
  A wyvern (Lair:2)
  4 yaks
  3 water moccasins
  An ogre (D:5)
  4 wolves
  4 bullfrogs
  3 scorpions
  An electric eel (D:8)
  A jelly (D:7)
  An orc priest (D:6)
  A sleepcap (D:5)
  An iguana (D:7)
  2 orc wizards (D:7)
  2 adders
  A white imp (D:7)
  A dart slug (D:4)
  3 orcs
  A ball python (D:3)
  2 hobgoblins (D:4)
  A bat (D:3)
  A kobold (D:4)
51 creatures vanquished.

Grand Total: 357 creatures vanquished

Notes
Turn   | Place    | Note
-------+----------+-------------------------------------------
     0 | D:1      | Rello the Draconian Ice Elementalist began the quest for
                  | the Orb.
     0 | D:1      | Reached XP level 1. HP: 14/14 MP: 3/3
   217 | D:1      | Reached XP level 2. HP: 20/20 MP: 3/5
   373 | D:1      | Found a faded altar of an unknown god.
  1116 | D:2      | Reached XP level 3. HP: 26/26 MP: 1/6
  1560 | D:2      | Reached skill level 1 in Shields
  1848 | D:2      | Learned a level 3 spell: Frozen Ramparts
  2066 | D:2      | Reached XP level 4. HP: 33/33 MP: 3/7
  2108 | D:2      | Learned a level 4 spell: Summon Ice Beast
  2604 | D:3      | Reached XP level 5. HP: 38/38 MP: 9/9
  3214 | D:4      | Found an ancient bone altar of Kikubaaqudgha.
  3286 | D:4      | Reached skill level 5 in Dodging
  3286 | D:4      | Reached skill level 5 in Stealth
  3286 | D:4      | Reached skill level 5 in Shields
  3286 | D:4      | Reached skill level 5 in Spellcasting
  3286 | D:4      | Reached skill level 8 in Ice Magic
  3286 | D:4      | Reached XP level 6. HP: 45/45 MP: 10/14
  3304 | D:4      | Learned a level 3 spell: Ozocubu's Armour
  3346 | D:4      | Found a staircase to the Ecumenical Temple.
  3470 | D:4      | Your scales start taking on a glossy black colour.
  3470 | D:4      | Reached XP level 7. HP: 50/50 MP: 8/15
  3470 | D:4      | Gained mutation: You are resistant to electric shocks.
                  | (rElec) [Black Draconian growth]
  4339 | D:5      | Entered Level 5 of the Dungeon
  4339 | D:5      | Found a broken altar of Ashenzari.
  4751 | D:5      | Found a hazy altar of Hepliaklqana.
  5088 | D:5      | Found a transporter.
  5092 | D:5      | Noticed laial's ghost (novice VSBr)
  5104 | D:5      | Noticed a nameless horror
  5299 | D:5      | Found a transporter.
  5513 | D:5      | Found a radiant altar of Vehumet.
  5520 | D:5      | Became a worshipper of Vehumet
  5595 | D:6      | Reached XP level 8. HP: 57/57 MP: 11/16
  5914 | D:6      | Noticed a nameless horror
  5919 | D:6      | Killed a nameless horror
  6077 | D:6      | Noticed a nameless horror
  6082 | D:6      | Killed a nameless horror
  6092 | D:6      | Reached skill level 9 in Ice Magic
  6093 | D:6      | Reached XP level 9. HP: 56/62 MP: 5/18
  6928 | D:7      | Noticed Duvessa
  6934 | D:7      | Noticed Dowan
  6939 | D:7      | Killed Duvessa
  6943 | D:7      | Killed Dowan
  7158 | D:7      | Found a runed translucent gate.
  7158 | D:7      | Found a runed translucent gate.
  7158 | D:7      | Found a runed translucent gate.
  7158 | D:7      | Noticed pornopis's ghost (novice MiBe)
  7160 | D:7      | Found a basalt altar of Yredelemnul.
  7188 | D:7      | Killed pornopis's ghost
  7316 | D:7      | Reached * piety under Vehumet
  7316 | D:7      | Offered knowledge of Magic Dart by Vehumet.
  7406 | D:7      | Noticed Prince Ribbit
  7418 | D:7      | Killed Prince Ribbit
  7443 | D:7      | Reached XP level 10. HP: 33/69 MP: 5/20
  8036 | D:8      | Found a shimmering altar of Xom.
  8359 | D:8      | Learned a level 7 spell: Ozocubu's Refrigeration
  8662 | D:9      | Found a sacrificial altar of Ru.
  8670 | D:9      | Found a sparkling altar of Nemelex Xobeh.
  8673 | D:9      | Found an opulent altar of Gozag.
  8677 | D:9      | Found an iron altar of Okawaru.
  8718 | D:9      | Noticed a two-headed ogre
  8724 | D:9      | Killed a two-headed ogre
  8735 | D:9      | Offered knowledge of Static Discharge by Vehumet.
  8798 | D:9      | Reached ** piety under Vehumet
  8911 | D:9      | Found a staircase to the Lair.
  8929 | D:9      | Reached skill level 10 in Ice Magic
  8960 | D:9      | Reached XP level 11. HP: 49/74 MP: 18/22
  9150 | D:9      | Identified the +2 robe "Raxtuc" {Str+2}
  9868 | Lair:1   | Entered Level 1 of the Lair of Beasts
 10895 | Lair:1   | Offered knowledge of Ignite Poison by Vehumet.
 10913 | Lair:1   | Reached *** piety under Vehumet
 11342 | Lair:2   | Noticed a five-headed hydra
 11350 | Lair:2   | Killed a five-headed hydra
 11710 | Lair:2   | Offered knowledge of Mephitic Cloud by Vehumet.
 11741 | Lair:2   | Reached XP level 12. HP: 70/81 MP: 12/24
 11743 | Lair:2   | Reached skill level 11 in Ice Magic
 12169 | Lair:2   | Reached **** piety under Vehumet
 12269 | Lair:2   | HP: 1/81 [bog body/bolt of cold (24)]
 12691 | Lair:2   | Offered knowledge of Airstrike by Vehumet.
 13584 | Lair:2   | Found a staircase to the Swamp.
 13593 | Lair:2   | Reached skill level 10 in Stealth
 13787 | Swamp:1  | Entered Level 1 of the Swamp
 13855 | Swamp:1  | Noticed an alligator
 14502 | Lair:3   | Got the Precepts of the Deathly Boggart
 14510 | Lair:3   | Learned a level 6 spell: Simulacrum
 14516 | Lair:3   | Noticed a four-headed hydra
 14531 | Lair:3   | Killed a six-headed hydra
 15000 | Lair:3   | Noticed a four-headed hydra
 15016 | Lair:3   | Killed a six-headed hydra
 15017 | Lair:3   | Reached XP level 13. HP: 47/86 MP: 21/26
 15207 | Lair:3   | Reached ***** piety under Vehumet
 15324 | Lair:3   | Reached skill level 10 in Shields
 15568 | Lair:3   | Offered knowledge of Iskenderun's Battlesphere by Vehumet.
 15622 | Lair:3   | Learned a level 2 spell: Blink
 15715 | Lair:3   | Reached skill level 12 in Ice Magic
 15872 | Lair:3   | Found a hole to the Spider Nest.
 15881 | Spider:1 | Entered Level 1 of the Spider Nest
 16840 | Spider:1 | Reached skill level 10 in Spellcasting
 17125 | Spider:1 | Noticed a spark wasp
 17132 | Spider:1 | Killed a spark wasp
 17737 | Spider:2 | Mangled by a demonic crawler

Illustrated notes

Levels and vault maps discovered:
D:1:      lordsloth_arrival_two_stooges, layout_basic,
          chequers_ecumenical_altar_simple, serial_bayou_lagoon_b
D:2:      layout_basic, nicolae_wormholes
D:3:      layout_loops_ring
D:4:      layout_basic, general_overflow_altar,
          minmay_temple_entry_gardened_gates
D:5:      layout_basic, mainiacjoe_overflow_small_starburst,
          lemuel_doored_altar, mainiacjoe_overflow_boulevard,
          gammafunk_ghost_mausoleum
D:6:      layout_basic
D:7:      layout_cave_pools, nicolae_yredelemnul_ghost_church, uniq_duvessa,
          uniq_prince_ribbit1
D:8:      cheibrodos_helix_gallery, layout_rooms, mainiacjoe_overflow_alcove_1
D:9:      layout_loops_ring, minitemple, minmay_lair_entry_grove
Lair:1:   layout_small_grid
Lair:2:   layout_cave_pods, nicolae_swamp_entry_splash_gauntlet,
          beast_lair_carwin_11
Lair:3:   layout_regular_city, dummy_spider_entry, grunt_megastairs_4
Swamp:1:  layout_basic_swamp, evilmike_swamp_ruin_house_1, uniq_donald,
          uniq_louise
Spider:1: layout_cave_pods
Spider:2: layout_chambers, uniq_agnes

Skill      XL: |  1  2  3  4  5  6  7  8  9 10 11 12 13 |
---------------+----------------------------------------+-----
Stealth        | 2 5 6 7 8 9 10 | 10.8
Dodging        | 2 5 6 7 8 9 |  9.9
Shields        | 1 5 6 7 8 9 10 | 10.4
Spellcasting   | 5 6 7 8 9 10 | 10.1
Ice Magic      | 8 9 10 11 12 | 12.3

Action                     |  1- 3 |  4- 6 |  7- 9 | 10-12 | 13-15 || total
---------------------------+-------+-------+-------+-------+-------++-------
  Melee: Unarmed           |     3 |       |       |       |       ||     3
         Falchion          |       |    23 |    59 |   212 |    57 ||   351
         Tailslap          |       |       |    12 |    27 |     8 ||    47
         Punch             |       |       |     1 |     3 |     2 ||     6
   Cast: Freeze            |    61 |    30 |    23 |     8 |     3 ||   125
         Frozen Ramparts   |       |    10 |    16 |    51 |    19 ||    96
         Summon Ice Beast  |       |     2 |    24 |    37 |    12 ||    75
         Ozocubu's Armour  |       |       |    15 |    42 |    22 ||    79
         Ozocubu's Refrige |       |       |       |    14 |    15 ||    29
         Simulacrum        |       |       |       |     2 |       ||     2
         Blink             |       |       |       |       |     4 ||     4
Ability: Breathe Lightning |       |       |     5 |     5 |     1 ||    11
  Evoke: Wand              |       |       |       |     1 |       ||     1
    Use: Scroll            |       |     7 |     9 |     3 |     8 ||    27
         Potion            |       |     1 |     2 |     6 |     2 ||    11
   Stab: Sleeping          |       |       |       |     5 |     1 ||     6
         Distracted        |       |       |       |     1 |       ||     1
 Armour: Skin              |    12 |    12 |    36 |   166 |    34 ||   260
  Dodge: Dodged            |    22 |    32 |    78 |   294 |    80 ||   506
  Block: Other             |       |       |       |    19 |    18 ||    37
